 Dungeon Crawl Stone Soup version 0.28.0-47-ge53b351184 (webtiles) character file.

Game seed: 6216279770768639278

357 bobregger the Cudgeller (level 6, -6/62 HPs)
             Began as an Ogre Berserker on May 8, 2022.
             Was a Priest of Trog.
             Splashed by a jelly's acid (10 damage)
             ... on level 4 of the Dungeon.
             The game lasted 00:04:22 (4502 turns).

bobregger the Cudgeller (Ogre Berserker)            Turns: 4502, Time: 00:04:23

Health: -6/62      AC: -5    Str: 28    XL:     6   Next: 64%
Magic:  6/6        EV: 14    Int:  8    God:    Trog [***...]
Gold:   123        SH:  0    Dex: 10    Spells: 5/5 levels left

rFire   . . .      SeeInvis .   d - +4 whip
rCold   . . .      Faith    .   (no shield)
rNeg    . . .      Spirit   .   b - +0 animal skin
rPois   .          Reflect  .   (helmet restricted)
rElec   .          Harm     .   (no cloak)
rCorr   .          Rampage  .   (gloves unavailable)
Will    .....                   (boots unavailable)
Stlth   +.........              (no amulet)
HPRegen 0.20/turn               c - +6 ring of strength
MPRegen 0.10/turn               o - +4 ring of evasion

@: corroded
A: large, unfitting armour, tough skin 1
a: Renounce Religion, Berserk, Trog's Hand


You were on level 4 of the Dungeon.
You worshipped Trog.
Trog was most pleased with you.
You visited 1 branch of the dungeon, and saw 5 of its levels.

You collected 123 gold pieces.

Inventory:

Hand Weapons
 d - a +4 whip (weapon)
Armour
 b - a +0 animal skin (worn)
Jewellery
 c - a +6 ring of strength (left hand)
 l - a ring of protection from cold
 m - an amulet of faith
 n - a ring of resist corrosion
 o - a +4 ring of evasion (right hand)
Scrolls
 a - 2 scrolls of immolation {unknown}
 f - a scroll of blinking {unknown}
 g - a scroll of teleportation {unknown}
 h - 2 scrolls of amnesia {unknown}
 i - a scroll of identify {unknown}
Potions
 e - 2 potions of berserk rage {unknown}
 j - 2 potions of mutation {unknown}
 k - a potion of ambrosia {unknown}
 p - a potion of heal wounds {unknown}


   Skills:
 - Level 4.0 Fighting
 + Level 6.6 Maces & Flails
 - Level 2.6 Dodging


You had 5 spell levels left.
You didn't know any spells.
Your spell library was empty.

Dungeon Overview and Level Annotations

Branches:
Dungeon (5/15)             Temple (0/1) D:4

Altars:

Annotations:
D:5 Grinder


Innate Abilities, Weirdness & Mutations

You are too large for most types of armour.
You have tough skin. (AC +1)


Message History

You hit the hound.
The hound is almost dead.
The hound closely misses you.
You hit the hound.
You kill the hound!
Trog accepts your kill.
You whack the gnoll!
You kill the gnoll!
Trog accepts your kill.
You whack the jelly! The acid corrodes you!
Your hands burn!
The jelly is heavily wounded.
You hit the jelly.
Your hands burn!
The jelly is severely wounded.
The jelly jiggles.
The jelly barely misses you.
You are too injured to fight recklessly!
You are too injured to fight recklessly!
You are too injured to fight recklessly!
You are too injured to fight recklessly!
You are too injured to fight recklessly!
You are too injured to fight recklessly!
You are too injured to fight recklessly!
You are too injured to fight recklessly!
You are too injured to fight recklessly!
You are too injured to fight recklessly!
There is a stone staircase leading up here.
The jelly hits you. The acid corrodes you!
You are splashed with acid!
You climb upwards.
There is a stone staircase leading down here.
The jelly hits you.
* * * LOW HITPOINT WARNING * * *
The acid corrodes you!
You are splashed with acid!
* * * LOW HITPOINT WARNING * * *
You hit the jelly.
Your hands burn!
* * * LOW HITPOINT WARNING * * *
The jelly is almost dead.
The jelly hits you.
* * * LOW HITPOINT WARNING * * *
You are splashed with acid!
You die...

.##.##...##.##.#.###.........#.#
...............#.##..........#.#
##...#.####.##.#.##.###....###.#
...#.#.# #.##.#...........###.#
##...#.# #.##.##..............#
######.####.......#.##.#.#######
# #.....#####.####.##.#.# #
#.#.#.#####.####.#....# #
#.#..........@J.......## #
#.###.#.##...>.........# #
#.....#.###.#####.....## #
#######.# #.# ##...## # #.#
#.#######.##
##########.###.........#
............############
##########.## ###


You could see a jelly.

Vanquished Creatures
  Blork the orc (D:4)
  A water moccasin skeleton (D:4)
  A hound (D:5)
  An orc priest (D:4)
  A hound skeleton (D:4)
  4 gnolls
  3 adders
  An adder skeleton (D:4)
  4 worms
  2 dart slugs
  2 orcs (D:4)
  10 endoplasms
  4 giant cockroaches
  6 hobgoblins
  9 jackals
  2 quokkas
  6 ball pythons
  6 bats
  2 frilled lizards
  8 goblins
  5 kobolds
  6 rats
85 creatures vanquished.

Notes
Turn   | Place    | Note
-------+----------+-------------------------------------------
     0 | D:1      | bobregger the Ogre Berserker began the quest for the Orb.
     0 | D:1      | Reached XP level 1. HP: 24/24 MP: 1/1
   382 | D:1      | Reached skill level 3 in Maces & Flails
   730 | D:1      | Reached XP level 2. HP: 20/32 MP: 2/2
  1272 | D:1      | Reached XP level 3. HP: 33/39 MP: 3/3
  1742 | D:2      | Reached skill level 4 in Maces & Flails
  1959 | D:2      | Reached ** piety under Trog
  2174 | D:2      | Reached XP level 4. HP: 46/48 MP: 4/4
  2463 | D:2      | Found a faded altar of an unknown god.
  3384 | D:4      | Noticed Blork the orc
  3384 | D:4      | Found a staircase to the Ecumenical Temple.
  3393 | D:4      | Killed Blork the orc
  3394 | D:4      | Reached skill level 5 in Maces & Flails
  3394 | D:4      | Reached XP level 5. HP: 54/54 MP: 5/5
  3570 | D:4      | Reached skill level 6 in Maces & Flails
  3570 | D:4      | Reached XP level 6. HP: 37/62 MP: 6/6
  4470 | D:5      | Entered Level 5 of the Dungeon
  4478 | D:5      | Noticed Grinder
  4494 | D:5      | Reached *** piety under Trog
  4502 | D:4      | Splashed by a jelly's acid

Illustrated notes

Levels and vault maps discovered:
D:1:      dpeg_arrival_simpleton_a, layout_basic
D:2:      layout_loops_ring, shapermc_ecumenical_altar_pompeii
D:3:      layout_loops_cross, minivault_19
D:4:      layout_loops_ring, temple_statues, minmay_liquid_box,
          uniq_blork_the_orc
D:5:      layout_loops_ring, grunt_ministairs_6, uniq_grinder,
          uniq_crazy_yiuf_cottage

Skill      XL: |  1  2  3  4  5 |
---------------+----------------+-----
Maces & Flails | 3 4 5 6 |  6.6
Fighting       | |  4.0
Dodging        | |  2.6

Action                   |  1- 3 |  4- 6 || total
-------------------------+-------+-------++-------
Melee: Mace              |    48 |       ||    48
       Punch             |     1 |     1 ||     2
       Whip              |    72 |   135 ||   207
Invok: Berserk           |     2 |     2 ||     4
Armor: Animal skin       |    28 |    29 ||    57
Dodge: Dodged            |    73 |    51 ||   124
